 Dungeon Crawl Stone Soup version 0.25-a0-294-gea9b1ad378 (webtiles) character file.

Game seed: 5015072682004123579, levelgen mode: deterministic

170 CheeseeCupcake the Cudgeler (level 5, -1/33 HPs)
             Began as a Gargoyle Fighter on Dec 16, 2019.
             Was an Initiate of Gozag.
             Killed by divine providence
             ... invoked by an orc priest
              (11 damage)
             ... on level 3 of the Dungeon.
             The game lasted 00:04:33 (2440 turns).

CheeseeCupcake the Cudgeler (Gargoyle Fighter)      Turns: 2440, Time: 00:04:34

Health: -1/33      AC: 17    Str: 21    XL:     5   Next: 50%
Magic:  5/5        EV:  7    Int:  8    God:    Gozag
Gold:   79         SH:  9    Dex:  9    Spells: 4/4 levels left

rFire    . . .     SeeInvis .   p - +1 flail (protect)
rCold    . . .     Gourm    .   c - +0 shield
rNeg     + . .     Faith    .   b - +0 scale mail
rPois    ∞         Spirit   .   (no helmet)
rElec    +         Reflect  .   (no cloak)
rCorr    .         Harm     .   (no gloves)
MR       .....                  (no boots)
Stlth    ..........             (no amulet)
HPRegen  0.11/turn              (no ring)
MPRegen  0.09/turn              (no ring)

@: protection aura
A: negative energy resistance 1, electricity resistance, unbreathing,
petrification resistance, rot immunity, AC +4
a: Potion Petition, Call Merchant, Bribe Branch, Renounce Religion


You were on level 3 of the Dungeon.
You worshipped Gozag.
Gozag was noncommittal.
You were very hungry.

You visited 1 branch of the dungeon, and saw 4 of its levels.

You collected 134 gold pieces.
You paid 55 gold pieces to Gozag.

Inventory:

Hand Weapons
 p - a +1 flail of protection (weapon)
Armour
 b - a +0 scale mail (worn)
 c - a +0 shield (worn)
Wands
 n - a wand of paralysis (7)
Scrolls
 a - 2 scrolls of identify {unknown}
 g - a scroll of immolation {unknown}
 h - 3 scrolls of fear {unknown}
 i - 2 scrolls of fog {unknown}
 q - a scroll of noise {unknown}
 r - a scroll of random uselessness {unknown}
Potions
 d - a potion of might
 e - a potion of degeneration {unknown}
 j - a potion of ambrosia {unknown}
 k - a potion of invisibility {unknown}
 l - a potion of lignification {unknown}
 m - 2 potions of curing {unknown}
 o - 2 potions of flight {unknown}
Comestibles
 f - 6 rations


   Skills:
 + Level 4.2 Fighting
 * Level 5.0 Maces & Flails
 - Level 3.2 Armour
 - Level 3.2 Shields


You had 4 spell levels left.
You didn't know any spells.
Your spell library was empty.

Dungeon Overview and Level Annotations

Branches:
Dungeon (4/15)
 Temple: D:4-7

Altars:
Gozag
Wu Jian


Innate Abilities, Weirdness & Mutations

You are resistant to torment.
Your stone body is resilient. (AC +4)
You are immune to poison.
You resist negative energy. (rN+)
You are resistant to electric shocks. (rElec)
You can survive without breathing.
You are immune to petrification.
You are immune to rotting.


Message History

The orc priest calls down the wrath of Beogh upon you.
Beogh smites you!
* * * LOW HITPOINT WARNING * * *
You are too injured to fight recklessly!
There is a stone staircase leading up here.
The orc priest looks encouraged for a moment.
You climb upwards.
There is a stone staircase leading down here.
You closely miss the orc priest.
The orc priest hits you but does no damage. x2
You hit the orc priest.
Your weapon exudes an aura of protection.
The orc priest is moderately wounded.
You block the orc priest's attack.
You closely miss the orc priest.
The orc priest is moderately wounded.
The orc priest mumbles some strange prayers to Beogh against you.
Beogh smites you!
You die...
Your body crumbles into a pile of gold.

....####.# #.#
.........# #.#
###.###### #.#
###.# #.# ....#
#.# ##### #.# #.#
### #o# ..# ##@#
#.# #..# ..# #.##
.## #.# .# #.# .#
#.#
.##############.#
.#...)..[)......#
...##############


You could see an orc priest.

Vanquished Creatures
  Jessica (D:3)
  Terence (D:3)
  A worker ant (D:4)
  A gnoll (D:2)
  2 adders (D:2)
  3 dart slugs
  A leopard gecko (D:3)
  10 orcs
  4 giant cockroaches
  3 goblins
  4 hobgoblins
  A quokka (D:4)
  A ball python (D:1)
  7 bats
  4 frilled lizards
  4 kobolds
  8 rats
56 creatures vanquished.

Notes
Turn   | Place    | Note
-------+----------+-------------------------------------------
     0 | D:1      | CheeseeCupcake the Gargoyle Fighter began the quest for the
                  | Orb.
     0 | D:1      | Reached XP level 1. HP: 14/14 MP: 1/1
    33 | D:1      | Reached XP level 2. HP: 19/19 MP: 2/2
   317 | D:1      | Reached skill level 3 in Maces & Flails
   629 | D:2      | Reached XP level 3. HP: 20/23 MP: 3/3
   749 | D:2      | Found an ornate altar of the Wu Jian Council.
   904 | D:2      | Reached skill level 4 in Maces & Flails
   904 | D:2      | Reached XP level 4. HP: 19/28 MP: 4/4
  1326 | D:3      | Noticed Jessica
  1360 | D:3      | Killed Jessica
  1552 | D:3      | Noticed Terence
  1583 | D:3      | Killed Terence
  1583 | D:3      | Reached XP level 5. HP: 19/33 MP: 5/5
  2249 | D:4      | Found an opulent altar of Gozag.
  2264 | D:4      | Became a worshipper of Gozag Ym Sagoz the Greedy
  2285 | D:4      | Noticed an ogre
  2384 | D:4      | Reached skill level 5 in Maces & Flails
  2440 | D:3      | Killed from afar by an orc priest

Levels and vault maps discovered:
D:1:      dpeg_arrival_rooms_with_view, layout_loops_ring
D:2:      layout_basic, lemuel_coloured_pillars_altar,
          minmay_misc_feat_diagonals, minmay_tromino_v7
D:3:      layout_loops_ring, uniq_jessica, uniq_terence
D:4:      layout_basic, gup_sewer_entry_bowl, chequers_serial_rivers_micro_a,
          grunt_gozag_breadcrumbs

Skill      XL: |  1  2  3  4  5 |
---------------+----------------+-----
Maces & Flails | 3 4 5 |  5.0
Fighting       | 4 |  4.2
Armour         | |  3.2
Shields        | |  3.2

Action                   |  1- 3 |  4- 6 || total
-------------------------+-------+-------++-------
Melee: Flail             |    84 |   137 ||   221
  Eat: Chunk             |       |     4 ||     4
Armor: Scale mail        |    43 |    47 ||    90
Dodge: Dodged            |    28 |    39 ||    67
Block: Shield            |    39 |    53 ||    92

Table legend:
 A = Non-vault XP
 B = Vault XP
 C = Vault XP percentage of total XP
 D = Non-vault monster count
 E = Vault monster count
 F = Vault count percentage of total count
                 A         B        C        D         E       F
            +---------+---------+-------+---------+---------+-------
      Total |     134 |     109 |  44.9 |      48 |       8 |  14.3
            +---------+---------+-------+---------+---------+-------
        D:1 |      20 |       6 |  23.1 |      14 |       2 |  12.5
        D:2 |      30 |      30 |  50.0 |      11 |       4 |  26.7
        D:3 |      40 |      73 |  64.6 |      18 |       2 |  10.0
        D:4 |      44 |       0 |   0.0 |       5 |       0 |   0.0
            +---------+---------+-------+---------+---------+-------
